 Dungeon Crawl Stone Soup version 0.28.0-53-g5a82cb258f (webtiles) character file.

Game seed: 12770700632172181744

6190 issech the Cleaver (level 10, 0/79 HPs)
             Began as a Minotaur Monk on June 19, 2022.
             Was a Priest of Hepliaklqana.
             Slain by a gnoll sergeant
             ... wielding a +0 glaive
              (12 damage)
             ... in a bailey.
             The game lasted 00:27:13 (9566 turns).

issech the Cleaver (Minotaur Monk)                  Turns: 9566, Time: 00:27:14

Health: 0/79       AC: 16    Str: 23    XL:     10   Next: 60%
Magic:  9/9        EV: 14    Int:  7    God:    Hepliaklqana [***...]
Gold:   534        SH:  5    Dex: 16    Spells: 9/9 levels left

rFire   . . .      SeeInvis .   R - +4 falchion "Riumieps" {drain, Stlth+}
rCold   . . .      Faith    .   I - +0 buckler
rNeg    . . .      Spirit   .   b - +4 ring mail {rPois}
rPois   +          Reflect  .   (helmet restricted)
rElec   .          Harm     .   w - +2 cloak
rCorr   .          Rampage  .   c - +0 pair of gloves
Will    .....                   B - +0 pair of boots
Stlth   +++.......              (no amulet)
HPRegen 0.23/turn               p - ring of poison resistance
MPRegen 0.11/turn               J - +6 ring of strength

@: no status effects
A: reduced essence, horns 2, retaliatory headbutt
a: Renounce Religion, Recall Ancestor, Ancestor Identity, Transference


You were in a bailey.
You worshipped Hepliaklqana.
Hepliaklqana was most pleased with you.
You visited 2 branches of the dungeon, and saw 10 of its levels.
You also visited: Bailey.

You collected 534 gold pieces.

Inventory:

Hand Weapons
 i - a +3 trident
 H - a +1 hunting sling of flaming
 R - the +4 falchion "Riumieps" (weapon) {drain, Stlth+}
   (You found it on level 7 of the Dungeon)

   A truly terrible weapon, it drains the life of any living foe it strikes.
   Stlth:     It makes you more stealthy.
Missiles
 a - 2 throwing nets
 g - 335 stones
 k - 52 bolts
 m - 3 curare-tipped darts
 q - 102 sling bullets
 s - a boomerang (quivered)
 t - 78 arrows
 y - 4 poisoned darts
 Y - 5 silver javelins
Armour
 b - a +4 ring mail of poison resistance (worn)
 c - a +0 pair of gloves (worn)
 w - a +2 cloak (worn)
 B - a +0 pair of boots (worn)
 I - a +0 buckler (worn)
Jewellery
 p - a ring of poison resistance (left hand)
 J - a +6 ring of strength (right hand)
Wands
 z - a wand of iceblast (23)
 M - a wand of digging (8)
 O - a wand of acid (20)
 W - a wand of mindburst (7)
Scrolls
 d - a scroll of silence
 h - 2 scrolls of summoning
 j - a scroll of fear
 o - 3 scrolls of fog
 u - a scroll of enchant weapon
 v - 2 scrolls of teleportation
 K - 2 scrolls of identify
 X - 2 scrolls of enchant armour {unknown}
 Z - a scroll of magic mapping {unknown}
Potions
 e - 3 potions of might {unknown}
 f - a potion of invisibility {unknown}
 l - a potion of magic
 n - 2 potions of heal wounds
 A - a potion of attraction {unknown}
 C - 2 potions of curing {unknown}
 E - 4 potions of haste {unknown}
 U - a potion of resistance {unknown}


   Skills:
 + Level 8.0 Fighting
 + Level 4.7(6.1) Short Blades
 + Level 6.6(7.5) Long Blades
 + Level 10.1 Axes
 + Level 1.2 Throwing
 + Level 8.0 Armour
 + Level 7.5 Dodging
 + Level 3.7 Stealth
 + Level 3.7 Shields


You had 9 spell levels left.
You didn't know any spells.
Your spell library contained the following spells:

 Spells                   Type           Power      Damage    Failure   Level
 Foxfire                  Conj/Fire      0%         2x1d4     65%         1
 Magic Dart               Conj           0%         1d3       65%         1
 Summon Small Mammal      Summ           0%         N/A       65%         1
 Call Imp                 Summ           0%         N/A       80%         2
 Corpse Rot               Necr/Air       0%         N/A       80%         2
 Poisonous Vapours        Pois/Air       0%         N/A       80%         2
 Call Canine Familiar     Summ           0%         N/A       95%         3
 Conjure Flame            Conj/Fire      0%         6-21      95%         3
 Frozen Ramparts          Ice            0%         1d2       95%         3
 Inner Flame              Hex/Fire       0%         N/A       95%         3
 Mephitic Cloud           Conj/Pois/Air  0%         N/A       95%         3
 Summon Guardian Golem    Hex/Summ       0%         N/A       95%         3
 Tukima's Dance           Hex            0%         N/A       95%         3
 Anguish                  Hex/Necr       0%         N/A       100%        4
 Flame Wave               Conj/Fire      0%         2d4       100%        4
 Ice Form                 Ice/Tmut       0%         N/A       100%        4
 Summon Ice Beast         Ice/Summ       0%         N/A       100%        4
 Enfeeble                 Hex            0%         N/A       100%        7


Dungeon Overview and Level Annotations

Branches:
Dungeon (9/15)             Temple (1/1) D:6            Lair (0/6) D:9
 Bailey (1/1)
    Orc: D:9-12

Altars:
Ashenzari
Cheibriados
Dithmenos
Elyvilon
Fedhas
Gozag
Hepliaklqana
Kikubaaqudgha
Makhleb
Nemelex Xobeh
Okawaru
Qazlal
Ru
Sif Muna
Trog
Uskayaw
Vehumet
Xom
Yredelemnul
Zin


Innate Abilities, Weirdness & Mutations

Your life essence is reduced to manifest your ancestor. (-10% HP)
You have a pair of horns on your head.
You reflexively headbutt those who attack you in melee.


Message History

The gnoll sergeant is lightly wounded.
The gnoll misses you. The gnoll sergeant barely misses you.
The gnoll shaman hits you from afar with a +0 halberd.
* * * LOW HITPOINT WARNING * * *
The gnoll sergeant barely misses you.
You hit the gnoll sergeant.
The gnoll sergeant is moderately wounded.
The gnoll sergeant barely misses you. You furiously retaliate!
You headbutt the gnoll sergeant, but do no damage.
The gnoll misses you. The gnoll sergeant barely misses you.
The gnoll shaman barely misses you.
The gnoll shaman calls upon its god to speed up the gnoll sergeant.
The gnoll sergeant seems to speed up.
The gnoll sergeant closely misses you.
You hit the gnoll sergeant but do no damage.
The gnoll sergeant is moderately wounded.
The gnoll sergeant hits you from afar with a +0 glaive!
* * * LOW HITPOINT WARNING * * *
The gnoll sergeant hits you but does no damage.
The gnoll barely misses you. You furiously retaliate!
You headbutt the gnoll, but do no damage.
The gnoll sergeant closely misses you.
The gnoll shaman calls upon its god to speed up the gnoll shaman.
The gnoll shaman seems to speed up.
You hit the gnoll sergeant. You drain the gnoll sergeant.
The gnoll sergeant is moderately wounded.
The gnoll sergeant barely misses you.
The gnoll sergeant hits you but does no damage.
The gnoll misses you. The gnoll sergeant closely misses you.
You block the gnoll shaman's attack. The gnoll sergeant barely misses you.
Unknown command.
You slash the gnoll!
You kill the gnoll!
The gnoll sergeant completely misses you.
The gnoll sergeant misses you. You block the gnoll sergeant's attack.
The gnoll shaman misses you.
You slash the gnoll sergeant!
Your headbutt misses the gnoll sergeant.
The gnoll sergeant is almost dead.
The gnoll sergeant hits you from afar with a +0 glaive!
You die...

######'''######
#...#
#####+#...#
#.....#...#
#8... ##'##
#..gh##.))##
#.gg##.).).##
#g)g#...))..#
###@#...8...#
#..R#.......#
#...##.....##
#....##...##
#8..).##'##
#...).#...#
##....'...+
##..)#.[.#
#####...#


You could see the friendly Tertia the battlemage, 3 gnoll sergeants, a wolf and
2 gnoll shamans.

Vanquished Creatures
  A two-headed ogre (D:9)
  A cyclops (D:6)
  A water moccasin (D:6)
  3 black bears
  2 orc warriors
  The ghost of SanguineChosen the Slasher, an amateur PaBe of Trog (D:3)
  An ogre (D:5)
  3 wolves (Bailey)
  2 centaurs (D:5)
  3 phantoms
  2 bullfrogs
  A gnoll sergeant (Bailey)
  A wyvern skeleton (D:5)
  A water moccasin skeleton (D:6)
  12 killer bees
  5 wights (D:9)
  2 centaur zombies (D:8)
  Crazy Yiuf (D:6)
  4 orc priests
  2 hounds
  A gnoll shaman (Bailey)
  An iguana (D:7)
  4 orc wizards
  A killer bee zombie (D:7)
  9 gnolls
  3 shadow imps
  A white imp (D:4)
  6 worms
  21 orcs
  A bat (D:1)
  11 endoplasms
  A giant cockroach (D:4)
  11 goblins
  12 hobgoblins
  13 jackals
  3 quokkas
  2 ball pythons (D:1)
  2 frilled lizards
  2 kobolds (D:4)
  5 rats
159 creatures vanquished.

Vanquished Creatures (collateral kills)
  Joseph (D:8)
  3 centaur zombies
  A troll (D:8)
  2 orc warriors (D:8)
  An ice beast (D:7)
  A necrophage (D:8)
  A centaur (D:6)
  2 gnoll sergeants (Bailey)
  2 wyvern zombies
  A killer bee (D:8)
  2 wights (D:9)
  2 howler monkeys
  2 hounds (Bailey)
  2 orc priests (D:9)
  2 gnoll shamans (Bailey)
  An iguana (D:6)
  4 orc wizards
  A killer bee zombie (D:7)
  A howler monkey zombie (D:9)
  3 gnolls
  A white imp (D:6)
  2 orcs (D:8)
38 creatures vanquished.

Vanquished Creatures (others)
  2 fungi (D:1)
  A plant (D:1)
3 creatures vanquished.

Grand Total: 200 creatures vanquished

Notes
Turn   | Place    | Note
-------+----------+-------------------------------------------
     0 | D:1      | issech the Minotaur Monk began the quest for the Orb.
     0 | D:1      | Reached XP level 1. HP: 19/19 MP: 0/0
   455 | D:1      | Reached skill level 4 in Axes
   455 | D:1      | Reached XP level 2. HP: 26/27 MP: 1/1
   814 | D:1      | Found a faded altar of an unknown god.
   836 | D:1      | Reached XP level 3. HP: 33/33 MP: 2/2
  1667 | D:2      | Reached skill level 1 in Armour
  2498 | D:3      | Reached XP level 4. HP: 38/40 MP: 3/3
  2529 | D:3      | Reached skill level 1 in Short Blades
  2746 | D:3      | Found a runed translucent gate.
  2748 | D:3      | Found an opulent altar of Gozag.
  2749 | D:3      | Found a runed translucent gate.
  2749 | D:3      | Found a runed translucent gate.
  2751 | D:3      | Noticed a black bear
  2753 | D:3      | Noticed SanguineChosen's ghost (amateur PaBe)
  2922 | D:3      | Found a glowing silver altar of Zin.
  2922 | D:3      | Noticed an angel
  3092 | D:4      | Noticed a phantom
  3118 | D:3      | HP: 1/40 [phantom (8)]
  3134 | D:3      | Killed a phantom
  3135 | D:3      | Reached XP level 5. HP: 8/46 MP: 4/4
  3876 | D:4      | Noticed a black bear
  3888 | D:4      | Killed a black bear
  3889 | D:4      | Reached XP level 6. HP: 36/53 MP: 5/5
  4510 | D:4      | Found an ancient bone altar of Kikubaaqudgha.
  4511 | D:4      | Found a white marble altar of Elyvilon.
  4775 | D:3      | Reached XP level 7. HP: 58/60 MP: 6/6
  4788 | D:3      | Killed SanguineChosen's ghost
  4789 | D:3      | Reached skill level 5 in Armour
  4993 | D:5      | Entered Level 5 of the Dungeon
  5097 | D:5      | Reached skill level 5 in Fighting
  5345 | D:5      | Reached skill level 5 in Axes
  5533 | D:5      | Reached skill level 6 in Axes
  5533 | D:5      | Reached XP level 8. HP: 63/68 MP: 7/7
  5765 | D:6      | Found a staircase to the Ecumenical Temple.
  5787 | Temple   | Entered the Ecumenical Temple
  5821 | Temple   | Became a worshipper of Hepliaklqana the Forgotten
  5821 | Temple   | Reached * piety under Hepliaklqana
  5821 | Temple   | Reached ** piety under Hepliaklqana
  5822 | Temple   | Remembered your ancestor Tertia as a battlemage
  6014 | D:6      | Reached skill level 5 in Dodging
  6091 | D:6      | Reached skill level 7 in Axes
  6548 | D:6      | Noticed a cyclops
  6554 | D:6      | Killed a cyclops
  6555 | D:6      | Reached skill level 8 in Axes
  6555 | D:6      | Reached skill level 1 in Throwing
  6555 | D:6      | Reached XP level 9. HP: 47/67 MP: 8/8
  6781 | D:6      | Reached skill level 9 in Axes
  6781 | D:6      | Reached skill level 1 in Shields
  6906 | D:6      | Found a runed translucent door.
  6907 | D:6      | Noticed Crazy Yiuf
  6928 | D:6      | Found a faded altar of an unknown god.
  6928 | D:6      | Found a shimmering altar of Xom.
  6934 | D:6      | Found a faded altar of an unknown god.
  6937 | D:6      | Found a stormy altar of Qazlal.
  6939 | D:6      | Found a shimmering blue altar of Sif Muna.
  7006 | D:6      | Killed Crazy Yiuf
  7477 | D:7      | Identified the +4 falchion "Riumieps" {drain, Stlth+}
  7950 | D:7      | Reached *** piety under Hepliaklqana
  8182 | D:8      | Found a sparkling altar of Nemelex Xobeh.
  8207 | D:8      | Noticed a troll
  8224 | D:8      | Killed a troll
  8225 | D:8      | Reached skill level 1 in Long Blades
  8225 | D:8      | Reached skill level 10 in Axes
  8498 | D:8      | Noticed Joseph
  8511 | D:8      | Killed Joseph
  8652 | D:8      | Reached XP level 10. HP: 74/77 MP: 9/9
  8657 | D:8      | Found an iron altar of Okawaru.
  8974 | D:9      | Found a staircase to the Lair.
  9073 | D:9      | Found a flagged portal.
  9095 | D:9      | Noticed a two-headed ogre
  9103 | D:9      | Killed a two-headed ogre
  9104 | D:9      | Reached skill level 5 in Long Blades
  9182 | Bailey   | Entered a bailey
  9566 | Bailey   | Slain by a gnoll sergeant

Illustrated notes

Levels and vault maps discovered:
D:1:      wander_arrival_chamber, layout_loops_corners,
          shapermc_ecumenical_altar_ellora
D:2:      layout_loops_ring
D:3:      layout_rooms, zin_angel, ebering_ghost_gozag
D:4:      layout_loops_ring, gammafunk_temple_overflow_pools, patterned_corridor
D:5:      layout_basic
D:6:      layout_rooms, chequers_temple_overflow_minitemple,
          minmay_temple_entry_antechambers, nrook_loot_triangle,
          chequers_serial_rivers_micro_a, kennysheep_cross_bottleneck,
          minmay_fractal_squares_gapless_5, uniq_crazy_yiuf_cottage
D:7:      layout_loops_ring, kennysheep_small_spiral
D:8:      layout_basic, okawaru_trees_1, nemelex_xobeh_ov_fountains_minmay,
          uniq_joseph
D:9:      layout_loops_ring, overflow_temple_1_default, lair_entry_dummy,
          enter_bailey_2
Temple:   minmay_temple_bridge_abc
Bailey:   bailey_polearm_gnolls_kennysheep, bailey

Skill      XL: |  1  2  3  4  5  6  7  8  9 10 |
---------------+-------------------------------+-----
Axes           | 4 6 8 10 | 10.1
Dodging        | 4 5 6 7 |  7.5
Fighting       | 4 5 6 7 8 |  8.0
Armour         | 1 2 3 4 5 6 7 8 |  8.0
Short Blades   | 2 3 4 |  4.7
Stealth        | 2 3 |  3.7
Throwing       | 1 |  1.2
Shields        | 2 3 |  3.7
Long Blades    | 2 6 |  6.6

Action                   |  1- 3 |  4- 6 |  7- 9 | 10-12 || total
-------------------------+-------+-------+-------+-------++-------
Melee: Hand axe          |    56 |       |       |       ||    56
       Headbutt          |    21 |    27 |    41 |    20 ||   109
       Punch             |     2 |     1 |       |       ||     3
       Dagger            |    68 |   156 |    17 |       ||   241
       War axe           |       |       |   112 |       ||   112
       Falchion          |       |       |    47 |   123 ||   170
Throw: Stone             |       |     3 |       |       ||     3
       Boomerang         |       |       |     4 |       ||     4
Invok: Ancestor Life: Ba |       |       |     1 |       ||     1
  Use: Potion            |       |     3 |       |       ||     3
       Scroll            |       |     5 |     3 |     1 ||     9
 Stab: Distracted        |     1 |       |     1 |       ||     2
       Sleeping          |       |       |     1 |       ||     1
Armor: Ring mail         |    48 |     3 |    83 |    53 ||   187
       Chain mail        |       |   102 |    41 |       ||   143
Dodge: Dodged            |    85 |    62 |   135 |   134 ||   416
Block: Buckler           |       |       |    35 |    49 ||    84
